 Dungeon Crawl Stone Soup version 0.27.0-1-g7a089689b8 (webtiles) character file.

Game seed: 15641612948035707940

86 Naeght the Poker (level 4, -3/34 HPs)
             Began as a Merfolk Gladiator on Aug 14, 2021.
             Killed from afar by an orc wizard (9 damage)
             ... with a puff of flame
             ... on level 3 of the Dungeon.
             The game lasted 00:02:44 (1830 turns).

Naeght the Poker (Merfolk Gladiator)                Turns: 1830, Time: 00:02:46

Health: -3/34      AC:  4    Str: 15    XL:     4   Next: 49%
Magic:  4/4        EV: 16    Int:  7    God:
Gold:   24         SH:  0    Dex: 15    Spells: 3/3 levels left

rFire    . . .     SeeInvis .   n - +0 spear (freeze)
rCold    . . .     Faith    .   (no shield)
rNeg     . . .     Spirit   .   b - +0 leather armour
rPois    .         Reflect  .   c - +0 helmet
rElec    .         Harm     .   (no cloak)
rCorr    .         Rampage  .   (no gloves)
Will     .....                  (boots currently unavailable)
Stlth    ++........             (no amulet)
HPRegen  0.11/turn              (no ring)
MPRegen  0.09/turn              (no ring)

@: very quick
A: nimble swimmer 2, mertail
a: no special abilities


You were on level 3 of the Dungeon.
You visited 1 branch of the dungeon, and saw 3 of its levels.

You collected 92 gold pieces.
You spent 68 gold pieces at shops.

Inventory:

Hand Weapons
 n - a +0 spear of freezing (weapon)
Missiles
 d - 3 throwing nets (quivered)
Armour
 b - a +0 leather armour (worn)
 c - a +0 helmet (worn)
Jewellery
 m - a ring of wizardry
Scrolls
 e - a scroll of vulnerability {unknown}
 i - 4 scrolls of fog {unknown}
 j - 2 scrolls of identify
Potions
 a - 2 potions of lignification {unknown}
 f - a potion of brilliance {unknown}
 g - 3 potions of magic {unknown}
 k - a potion of flight {unknown}
 l - a potion of heal wounds {unknown}
 o - 2 potions of mutation {unknown}


   Skills:
 + Level 2.7 Fighting
 * Level 5.5 Polearms
 - Level 2.0 Throwing
 * Level 1.6 Armour
 + Level 4.6 Dodging


You had 3 spell levels left.
You didn't know any spells.
Your spell library was empty.

Dungeon Overview and Level Annotations

Branches:
Dungeon (3/15)

Altars:

Shops:
D:2 !*?


Innate Abilities, Weirdness & Mutations

You are quick and stealthy near water. (Stealth+, EV+, Speed+++)
Your lower body shifts to a powerful aquatic tail in water.


Message History

There is a strange disturbance nearby!
There is a strange disturbance nearby!
There is a strange disturbance nearby!
There is a strange disturbance nearby!
There is a strange disturbance nearby!
No target in view!
No target in view!
No target in view!
No target in view!
No target in view!
No target in view!
No target in view!
No target in view!
No target in view!
A magic dart appears from out of thin air!
The magic dart hits you.
You hear some strange, mumbled words.
A puff of flame appears from out of thin air!
The puff of flame misses you.
You are engulfed in a cloud of scalding steam.
You barely miss something.
You are engulfed in a cloud of scalding steam.
You hear some strange, mumbled words.
A magic dart appears from out of thin air!
The magic dart hits you.
* * * LOW HITPOINT WARNING * * *
You hit something. You freeze something. You tail-slap something.
You are engulfed in a cloud of scalding steam.
* * * LOW HITPOINT WARNING * * *
You hear some strange, mumbled words.
A magic dart appears from out of thin air!
The magic dart hits you.
* * * LOW HITPOINT WARNING * * *
You feel better.
You are engulfed in a cloud of scalding steam.
* * * LOW HITPOINT WARNING * * *
You hear some strange, mumbled words.
A puff of flame appears from out of thin air!
The puff of flame hits you!
You die...

.............≈≈♣≈≈♣≈♣≈≈♣≈≈≈P♣≈##
.....!...$..≈♣P♣≈♣≈≈≈≈P≈≈≈≈≈♣≈≈♣
..........♣P≈P≈P≈≈≈P≈≈≈≈♣≈≈♣≈P♣≈
.........♣♣≈≈≈♣≈P≈P≈≈≈≈≈≈≈≈≈♣≈≈≈
........)♣≈≈≈P≈≈≈≈≈≈≈≈≈≈≈≈≈≈≈≈P≈
.......♣≈≈≈≈≈≈≈≈)†≈≈≈≈≈≈≈≈≈≈≈≈P≈
.......≈≈≈♣≈≈≈≈≈≈≈≈≈≈≈≈≈≈≈≈≈≈≈≈≈
..$....♣≈≈≈P≈≈P≈{≈≈≈≈≈≈≈≈≈≈≈≈P≈♣
########≈♣≈≈≈≈§@≈≈≈≈≈≈≈≈≈≈≈≈≈≈≈≈
##≈♣P§§P≈≈≈≈≈≈≈≈≈≈≈≈†≈≈≈≈
###§♣♣≈♣≈≈≈≈≈≈≈≈≈≈≈P≈≈≈≈
##♣♣P♣♣≈≈♣≈≈≈≈≈≈≈≈≈♣≈♣
#######≈♣≈♣≈≈♣P≈♣P♣≈♣♣♣≈.
#..........♣♣♣♣≈P≈♣≈....#
#.......................#
#.......................#
#...............#########


There were no monsters in sight!

Vanquished Creatures
  3 adders
  A worm (D:2)
  4 orcs (D:3)
  4 ball pythons
  3 endoplasms
  A giant cockroach (D:1)
  7 jackals
  A quokka (D:1)
  6 bats
  6 frilled lizards
  5 goblins (D:1)
  3 kobolds (D:1)
  7 rats
51 creatures vanquished.

Vanquished Creatures (others)
  16 plants (D:3)
16 creatures vanquished.

Grand Total: 67 creatures vanquished

Notes
Turn   | Place    | Note
-------+----------+-------------------------------------------
     0 | D:1      | Naeght the Merfolk Gladiator began the quest for the Orb.
     0 | D:1      | Reached XP level 1. HP: 16/16 MP: 1/1
   150 | D:1      | Reached XP level 2. HP: 20/22 MP: 2/2
   440 | D:1      | Reached skill level 1 in Armour
   484 | D:1      | Reached XP level 3. HP: 24/28 MP: 3/3
   525 | D:1      | Found a faded altar of an unknown god.
   567 | D:1      | Reached skill level 5 in Polearms
   706 | D:2      | Found Huemeasm's Distillery.
   709 | D:2      | Bought a potion of curing for 33 gold pieces
   709 | D:2      | Bought a potion of degeneration for 11 gold pieces
  1183 | D:2      | Found Puulox's General Store.
  1201 | D:2      | Found Necveuhu's Magic Scroll Shoppe.
  1209 | D:2      | Bought a scroll of identify for 24 gold pieces
  1321 | D:3      | Reached XP level 4. HP: 30/34 MP: 4/4
  1830 | D:3      | Killed from afar by an orc wizard

Illustrated notes

Levels and vault maps discovered:
D:1:      dpeg_arrival_simpleton_a, layout_basic, ebering_ecumenical_altar_box
D:2:      layout_basic, serial_shops, nicolae_shop_window_shopping, shop,
          nicolae_shop_crystal
D:3:      minmay_spotlight, layout_basic, serial_bayou_lake_a

Skill      XL: |  1  2  3 |
---------------+----------+-----
Armour         | 1 |  1.6
Polearms       | 5 |  5.5
Fighting       | |  2.7
Throwing       | |  2.0
Dodging        | |  4.6

Action                   |  1- 3 |  4- 6 || total
-------------------------+-------+-------++-------
Melee: Trident           |    83 |    19 ||   102
       Spear             |       |    30 ||    30
       Tailslap          |       |     3 ||     3
  Use: Potion            |       |     1 ||     1
 Stab: Sleeping          |     3 |     1 ||     4
Armor: Leather armour    |    17 |     9 ||    26
Dodge: Dodged            |    37 |    50 ||    87
